 Dungeon Crawl Stone Soup version 0.23-a0-419-g0174fd8 (webtiles) character file.

896 Danwar the Poker (level 7, -4/61 HPs)
             Began as a White Draconian Monk on Nov 11, 2018.
             Killed from afar by a centaur (11 damage)
             ... with a wand of flame (6)
             ... on level 6 of the Dungeon.
             The game lasted 00:29:50 (4693 turns).

Danwar the Poker (White Draconian Monk)             Turns: 4693, Time: 00:29:50

Health: -4/61      AC:  6    Str: 15    XL:     7   Next: 79%
Magic:  0/7        EV: 15    Int: 10    God:
Gold:   267        SH:  0    Dex: 16    Spells: 4/6 levels left

rFire    . . .     SeeInvis .   a - +0 spear
rCold    + . .     Gourm    .   (no shield)
rNeg     . . .     Faith    .   (armour unavailable)
rPois    +         Spirit   +   (helmet restricted)
rElec    .         Reflect  .   o - scarf {Spirit}
rCorr    .         Harm     .   (no gloves)
MR       .....                  (no boots)
Stlth    ++........             h - amulet of regeneration
HPRegen  0.60/turn              p - ring of poison resistance
MPRegen  0.10/turn              (no ring)

@: short of breath
A: breathe frost, unfitting armour, hooves 1, agile 1, cold resistance 1,
cold-blooded, AC +6
a: Breathe Frost


You were on level 6 of the Dungeon.
You were not hungry.

You visited 1 branch of the dungeon, and saw 6 of its levels.

You collected 267 gold pieces.

Inventory:

Hand Weapons
 a - a +0 spear (weapon)
 e - a +2 mace of protection
 r - a +0 long sword
Armour
 o - a scarf of spirit shield (worn)
 q - a +0 helmet
Jewellery
 h - an amulet of regeneration (around neck)
 p - a ring of poison resistance (left hand)
Wands
 l - a wand of random effects (11)
Scrolls
 c - 5 scrolls of remove curse
 d - a scroll of immolation
 g - a scroll of fear {unknown}
 m - 3 scrolls of fog
 u - a scroll of blinking {unknown}
 v - a scroll of teleportation
 y - 2 scrolls of enchant armour {unknown}
 z - a scroll of amnesia {unknown}
Potions
 f - a potion of agility
 i - 2 potions of flight
 j - 2 potions of lignification
 k - 2 potions of brilliance {unknown}
 n - a potion of mutation
 s - a potion of curing
 t - a potion of ambrosia {unknown}
 w - a potion of degeneration {unknown}
 x - 2 potions of cancellation
Comestibles
 b - 9 rations


   Skills:
 + Level 5.3 Fighting
 + Level 6.6 Polearms
 + Level 5.1 Dodging
 + Level 2.9 Stealth


You had 4 spell levels left.
You knew the following spells:

 Your Spells              Type           Power        Failure   Level  Hunger
a - Throw Frost           Conj/Ice       #.....       50%         2    ###....

Your spell library contained the following spells:

 Spells                   Type           Power        Failure   Level  Hunger
 Freeze                   Ice            #...         36%         1    ##.....
 Ozocubu's Armour         Chrm/Ice       #.......     75%         3    ####...
 Summon Ice Beast         Ice/Summ       #.......     98%         4    #####..
 Throw Icicle             Conj/Ice       #.......     98%         4    #####..


Dungeon Overview and Level Annotations

Branches:
Dungeon (6/15)
 Temple: D:4-7

Altars:
Fedhas
Kikubaaqudgha
Yredelemnul

Annotations:
D:6 Sigmund


Innate Abilities, Weirdness & Mutations

You can breathe waves of freezing cold.
You can buffet flying creatures when you breathe cold.
Your icy white scales are hard. (AC +6)
You cannot fit into any form of body armour.
Your flesh is cold resistant. (rC+)
You are cold-blooded and may be slowed by cold attacks.
You have large cloven feet.
You are agile. (Dex +2)


Message History

Attack whom?
Press: ? - help, Dir - move target cursor, f - ogre
Aim: an ogre, wielding a +0 giant club (moderately wounded)
You reach to attack!
You hit the ogre.
The ogre is heavily wounded.
Something barely misses you.
Attack whom?
Press: ? - help, Dir - move target cursor, f/p - ogre
Aim: an ogre, wielding a +0 giant club (heavily wounded)
You hit the ogre but do no damage. You kick the ogre, but do no damage.
The ogre is heavily wounded.
A centaur comes into view. It is carrying a wand of flame (6).
The ogre hits you with a +0 giant club! Something hits you!
* * * LOW HITPOINT WARNING * * *
The centaur wields a +0 shortbow.
The centaur shoots an arrow.
The arrow misses you. The ogre hits you with a +0 giant club!
* * * LOW HITPOINT WARNING * * *
The centaur zaps a wand.
The puff of flame hits you!
You die...

#....#..# ###
#....#..##..##
#....#.......#
...#....#.....!
#.###..##....
#+###.###..##.†#
#.......#..##..# ###
#..Z....'..##..##.(.#
#<.##..##..##O.@....#
#..##..##..##..######
#.......Z...c..#
+..........##..#
#.)........#####
#...........#
##..###.##..##
##..######### .#....#


You could see an ogre and a centaur.

Vanquished Creatures
  A phantom (D:4)
  A sky beast (D:5)
  2 ogres
  A scorpion (D:4)
  A howler monkey (D:5)
  2 orc wizards (D:4)
  An orc priest (D:4)
  2 hounds
  3 worker ants
  A mummy (D:5)
  A worker ant zombie (D:5)
  Robin (D:2)
  4 gnolls (D:3)
  6 adders
  A shadow imp (D:4)
  2 worms
  A dart slug (D:1)
  2 leopard geckos (D:5)
  14 orcs
  2 ball pythons
  3 bats (D:1)
  6 giant cockroaches
  12 hobgoblins
  6 jackals
  A kobold (D:1)
  2 quokkas (D:5)
  5 frilled lizards
  15 goblins
  2 hobgoblin zombies (D:5)
  A kobold zombie (D:5)
  An orc zombie (D:5)
  5 rats
  A spectral orc (D:4)
109 creatures vanquished.

Notes
Turn   | Place    | Note
-------+----------+-------------------------------------------
     0 | D:1      | Danwar the Draconian Monk began the quest for the Orb.
     0 | D:1      | Reached XP level 1. HP: 19/19 MP: 1/1
   186 | D:1      | Reached XP level 2. HP: 24/26 MP: 2/2
   780 | D:2      | Reached XP level 3. HP: 31/31 MP: 3/3
  1034 | D:2      | Noticed Robin
  1068 | D:2      | Killed Robin
  1174 | D:2      | Reached XP level 4. HP: 39/40 MP: 4/4
  1502 | D:2      | Found a blossoming altar of Fedhas.
  1502 | D:2      | Found an ancient bone altar of Kikubaaqudgha.
  1863 | D:3      | Reached skill level 4 in Polearms
  2305 | D:3      | HP: 1/40 [gnoll/+0 flail (5)]
  2315 | D:3      | Reached XP level 5. HP: 31/46 MP: 1/5
  2647 | D:4      | Reached skill level 5 in Polearms
  2681 | D:4      | Gained mutation: You have large cloven feet. [potion of
                  | mutation]
  2681 | D:4      | Gained mutation: You are agile. (Dex +2) [potion of
                  | mutation]
  2684 | D:4      | Reached XP level 6. HP: 10/52 MP: 2/6
  3250 | D:4      | Found a basalt altar of Yredelemnul.
  3343 | D:5      | Entered Level 5 of the Dungeon
  3431 | D:5      | Your scales start taking on an icy white colour.
  3431 | D:5      | Reached XP level 7. HP: 60/60 MP: 7/7
  3431 | D:5      | Gained mutation: Your flesh is cold resistant. (rC+) [White
                  | Draconian growth]
  3438 | D:5      | Learned a level 2 spell: Throw Frost
  3774 | D:5      | Reached skill level 5 in Fighting
  3774 | D:5      | Reached skill level 6 in Polearms
  3795 | D:5      | Reached skill level 5 in Dodging
  3833 | D:5      | Found a glowing drain.
  4672 | D:6      | Noticed Sigmund
  4693 | D:6      | Killed from afar by a centaur

Vault maps used:
D:1:      roderic_crossed_star
D:2:      grunt_temple_overflow_growth_and_decay, uniq_robin
D:4:      yredelemnul_forgotten_temple_becter, first_ration
D:5:      portal_sewer_entry_f, minmay_mini_ossuary
D:6:      xom_butterflies, uniq_sigmund

Skill      XL: |  1  2  3  4  5  6  7 |
---------------+----------------------+-----
Dodging        | 3 4 5 |  5.1
Stealth        | 2 |  2.9
Polearms       | 4 5 6 |  6.6
Fighting       | 4 5 |  5.3

Action                   |  1- 3 |  4- 6 |  7- 9 || total
-------------------------+-------+-------+-------++-------
Melee: Spear             |   130 |   270 |   170 ||   570
       Tailslap          |    15 |    46 |    17 ||    78
       Kick              |       |    27 |    41 ||    68
 Abil: Breathe Frost     |       |       |     3 ||     3
  Use: Scroll            |       |     4 |     5 ||     9
       Potion            |       |     6 |       ||     6
 Stab: Sleeping          |     2 |     3 |     1 ||     6
  Eat: Ration            |       |     3 |     1 ||     4
Armor: Skin              |    23 |    78 |    23 ||   124
Dodge: Dodged            |    83 |   142 |    86 ||   311

Table legend:
 A = Non-vault XP
 B = Vault XP
 C = Vault XP percentage of total XP
 D = Non-vault monster count
 E = Vault monster count
 F = Vault count percentage of total count
                 A         B        C        D         E       F
            +---------+---------+-------+---------+---------+-------
      Total |    1209 |      72 |   5.6 |      86 |      23 |  21.1
            +---------+---------+-------+---------+---------+-------
        D:1 |      39 |       0 |   0.0 |      23 |       0 |   0.0
        D:2 |      31 |      37 |  54.4 |      11 |      12 |  52.2
        D:3 |     110 |       0 |   0.0 |      18 |       0 |   0.0
        D:4 |     507 |       1 |   0.2 |      13 |       1 |   7.1
        D:5 |     350 |      32 |   8.4 |      17 |       9 |  34.6
        D:6 |     172 |       2 |   1.1 |       4 |       1 |  20.0
            +---------+---------+-------+---------+---------+-------
